 Dungeon Crawl Stone Soup version 0.21.1-1-g345015f (webtiles) character file.

77 Fang the Skirmisher (level 4, -1/43 HPs)
             Began as a Gargoyle Berserker on Apr 26, 2018.
             Was a Believer of Trog.
             Slain by Sigmund
             ... wielding a +0 scythe
              (10 damage)
             ... on level 2 of the Dungeon.
             The game lasted 00:01:54 (1104 turns).

Fang the Skirmisher (Gargoyle Berserker)            Turns: 1104, Time: 00:01:54

Health: -1/43      AC:  5    Str: 27    XL:     4   Next: 33%
Magic:  4/4        EV: 12    Int:  7    God:    Trog [**....]
Gold:   92         SH:  3    Dex:  9    Spells: 3/3 levels left

rFire    . . .     SeeInvis .   a - +0 hand axe
rCold    . . .     Gourm    .   (no shield)
rNeg     + + .     Faith    .   b - +0 animal skin
rPois    ∞         Spirit   .   (no helmet)
rElec    +         Reflect  +   (no cloak)
rCorr    .         Harm     .   (no gloves)
MR       .....                  (no boots)
Stlth    ..........             n - +3 amulet of reflection
HPRegen  0.14/turn              j - ring of positive energy
MPRegen  0.09/turn              (no ring)

@: berserking (expiring), very quick
A: negative energy resistance 1, electricity resistance, unbreathing,
petrification resistance, rot immunity, AC +3
a: Berserk, Trog's Hand, Burn Spellbooks, Renounce Religion


You were on level 2 of the Dungeon.
You worshipped Trog.
Trog was pleased with you.
You were near starving.

You visited 1 branch of the dungeon, and saw 2 of its levels.

You collected 92 gold pieces.

Inventory:

Hand Weapons
 a - a +0 hand axe (weapon)
Armour
 b - a +0 animal skin (worn)
Jewellery
 j - a ring of positive energy (left hand)
 n - a +3 amulet of reflection (around neck)
Scrolls
 g - a scroll of fog
 h - a scroll of immolation {unknown}
Potions
 d - 2 potions of curing
 e - 2 potions of mutation
 f - a potion of brilliance
Comestibles
 c - 6 rations


   Skills:
 + Level 3.9 Fighting
 + Level 3.7 Axes
 + Level 2.3 Armour
 + Level 2.2 Dodging
 + Level 0.1 Stealth


You had 3 spell levels left.
You didn't know any spells.

Dungeon Overview and Level Annotations

Branches:
Dungeon (2/15)

Altars:
Elyvilon
Gozag
Wu Jian
The Shining One

Annotations:
D:2 Sigmund


Innate Abilities, Weirdness & Mutations

You are resistant to torment.
Your stone body is resilient. (AC +3)
You are immune to poison.
You resist negative energy. (rN+)
You are resistant to electric shocks. (rElec)
You can survive without breathing.
You are immune to petrification.
You are immune to rotting.


Message History

No target in view!
You see here a ball python corpse.
You miss something.
You are near starving!
You hear some strange, mumbled words.
A puff of flame appears from out of thin air!
The puff of flame hits you!
Unknown command.
You completely miss something.
You hear some strange, mumbled words.
A puff of flame appears from out of thin air!
The puff of flame hits you!
* * * LOW HITPOINT WARNING * * *
You barely miss something. You slash something! Something barely misses you.
Unknown command.
You miss something.
Unknown command.
You barely miss something. Something hits you!
You die...

### #.. #.# ### #####
#.# ##
#.$.##>..#######.###....
.......†.............#
......{@.......#.#######
...........###........[#
...........# ###.#####.#
..........## #.# #..
#<..##...## #.#####..
#### ##### #.#......
##.#.##### #....# #
##...##


There were no monsters in sight!

Vanquished Creatures
  2 adders (D:2)
  3 oozes
  2 dart slugs
  A leopard gecko (D:1)
  2 ball pythons
  10 bats
  3 giant cockroaches (D:1)
  6 hobgoblins
  A quokka (D:2)
  4 frilled lizards
  2 kobolds (D:1)
  7 rats
43 creatures vanquished.

Notes
Turn   | Place    | Note
-------+----------+-------------------------------------------
     0 | D:1      | Fang the Gargoyle Berserker began the quest for the Orb.
     0 | D:1      | Reached XP level 1. HP: 14/14 MP: 1/1
    47 | D:1      | Reached XP level 2. HP: 14/19 MP: 2/2
   290 | D:1      | Reached XP level 3. HP: 19/24 MP: 3/3
   381 | D:1      | Reached ** piety under Trog
   736 | D:2      | Reached XP level 4. HP: 13/29 MP: 4/4
  1049 | D:2      | Found a glowing golden altar of the Shining One.
  1050 | D:2      | Found an ornate altar of the Wu Jian Council.
  1061 | D:2      | Found a white marble altar of Elyvilon.
  1063 | D:2      | Found an opulent altar of Gozag.
  1090 | D:2      | Noticed Sigmund
  1104 | D:2      | Slain by Sigmund

Skill      XL: |  1  2  3 |
---------------+----------+-----
Axes           | 3 |  3.7
Dodging        | 2 |  2.2
Fighting       | |  3.9
Armour         | |  2.3
Stealth        | |  0.1

Action                   |  1- 3 |  4- 6 || total
-------------------------+-------+-------++-------
Melee: Hand axe          |   122 |    32 ||   154
Invok: Berserk           |       |     2 ||     2
  Use: Scroll            |       |     7 ||     7
 Stab: Sleeping          |     1 |       ||     1
  Eat: Chunk             |       |     1 ||     1
Armor: Animal skin       |    55 |    16 ||    71
Dodge: Dodged            |   115 |    30 ||   145
Block: Other             |       |     3 ||     3
